 Dungeon Crawl Stone Soup version 0.23.2-1-ga50397a6bc (webtiles) character file.

Game seed: 8216850256465252728

153 Gordogan the Chopper (level 5, -3/46 HPs)
             Began as a Hill Orc Fighter on May 4, 2019.
             Killed from afar by Natasha (4 damage)
             ... with a magic dart
             ... on level 2 of the Dungeon on May 5, 2019.
             The game lasted 00:13:39 (1060 turns).

Gordogan the Chopper (Hill Orc Fighter)             Turns: 1060, Time: 00:13:41

Health: -3/46      AC: 10    Str: 20    XL:     5   Next: 35%
Magic:  5/5        EV:  8    Int:  8    God:
Gold:   39         SH: 10    Dex: 16    Spells: 4/4 levels left

rFire    . . .     SeeInvis .   a - +0 war axe
rCold    . . .     Gourm    .   c - +0 shield
rNeg     . . .     Faith    .   l - +0 scale mail
rPois    .         Spirit   .   (no helmet)
rElec    .         Reflect  .   (no cloak)
rCorr    .         Harm     .   b - +2 pair of gloves
MR       +....                  (no boots)
Stlth    ..........             (no amulet)
HPRegen  0.15/turn              n - +6 ring of dexterity
MPRegen  0.09/turn              i - ring of protection from magic

@: no status effects
A: no striking features
a: no special abilities


You were on level 2 of the Dungeon.
You were hungry.

You visited 1 branch of the dungeon, and saw 2 of its levels.

You collected 39 gold pieces.

Inventory:

Hand Weapons
 a - a +0 war axe (weapon)
 d - a +4 flail of protection
Missiles
 e - 53 stones (quivered)
 g - 37 arrows
 m - 28 sling bullets
 r - 15 bolts
Armour
 b - a +2 pair of gloves (worn)
 c - a +0 shield (worn)
 j - a +0 helmet
 l - a +0 scale mail (worn)
Jewellery
 i - a ring of protection from magic (right hand)
 n - a +6 ring of dexterity (left hand)
Potions
 h - a potion of heal wounds {unknown}
 k - a potion of ambrosia {unknown}
Comestibles
 f - 2 rations
 o - 5 chunks of flesh


   Skills:
 + Level 4.1 Fighting
 + Level 5.1 Axes
 + Level 0.2 Throwing
 + Level 3.6 Armour
 + Level 1.1 Dodging
 + Level 4.1 Shields


You had 4 spell levels left.
You didn't know any spells.
Your spell library was empty.

Dungeon Overview and Level Annotations

Branches:
Dungeon (2/15)

Altars:

Annotations:
D:2 Natasha


Message History

There is something else lying underneath.
The floor, spattered with blood.
You closely miss Natasha.
Natasha is lightly wounded.
Natasha claws you.
* * * LOW HITPOINT WARNING * * *
You block Natasha's attack.
You hit Natasha.
Natasha is moderately wounded.
You block Natasha's attack.
You hit Natasha.
Natasha is severely wounded.
Natasha completely misses you.
You hit Natasha but do no damage.
Natasha is severely wounded.
Natasha claws you!
* * * LOW HITPOINT WARNING * * *
Natasha casts a spell at you. The magic dart hits you.
You die...

#
#.#............#
#.#............#
#.#......รท.....#
#.#............#
#.#............#
#....>.##......#
######..######.#
#))## #.# #@..#
#.# #h#.# #.#
#s#..# #.# #r##.#
#.# .K# .# ...
..# .. .## ...#
#.# . ..## .#


You could see Natasha, a giant cockroach, a kobold and a rat.

Vanquished Creatures
  Jessica (D:2)
  Natasha (D:2)
  Terence (D:2)
  Robin (D:2)
  2 adders (D:2)
  A worm (D:2)
  4 bats
  3 giant cockroaches (D:1)
  9 goblins
  7 hobgoblins
  6 jackals (D:1)
  2 ball pythons (D:1)
  A kobold (D:1)
  7 rats
46 creatures vanquished.

Notes
Turn   | Place    | Note
-------+----------+-------------------------------------------
     0 | D:1      | Gordogan the Hill Orc Fighter began the quest for the Orb.
     0 | D:1      | Reached XP level 1. HP: 19/19 MP: 1/1
   174 | D:1      | Reached skill level 3 in Axes
   174 | D:1      | Reached XP level 2. HP: 21/27 MP: 2/2
   434 | D:1      | Reached XP level 3. HP: 29/33 MP: 3/3
   920 | D:2      | Noticed Terence
   923 | D:2      | Killed Terence
   936 | D:2      | Noticed Natasha
   950 | D:2      | Killed Natasha
   950 | D:2      | Reached skill level 4 in Axes
   950 | D:2      | Reached skill level 1 in Dodging
   950 | D:2      | Reached XP level 4. HP: 37/40 MP: 4/4
  1029 | D:2      | Noticed Robin
  1033 | D:2      | Noticed Jessica
  1035 | D:2      | Noticed Natasha
  1045 | D:2      | Killed Robin
  1045 | D:2      | Reached XP level 5. HP: 24/46 MP: 5/5
  1049 | D:2      | Killed Jessica
  1049 | D:2      | Reached skill level 5 in Axes
  1060 | D:2      | HP: 1/46 [Natasha (7)]
  1060 | D:2      | Killed from afar by Natasha

Skill      XL: |  1  2  3  4  5 |
---------------+----------------+-----
Axes           | 3 4 5 |  5.1
Fighting       | 4 |  4.1
Dodging        | 1 |  1.1
Shields        | 4 |  4.1
Throwing       | |  0.2
Armour         | |  3.6

Action                   |  1- 3 |  4- 6 || total
-------------------------+-------+-------++-------
Melee: War axe           |    84 |    50 ||   134
Throw: Stone             |    29 |       ||    29
  Use: Scroll            |     2 |     2 ||     4
       Potion            |     1 |       ||     1
Armor: Scale mail        |    43 |    22 ||    65
Dodge: Dodged            |    31 |    22 ||    53
Block: Shield            |    48 |    45 ||    93
